cohdb
Replays
Latest Replays
All Replays
Popular Replays
Top Player Replays
Match Explorer
How It Works
Community
CoH3 Stats
Reddit
Sign in to upload your games and track your stats! →
Sign in with Steam
Match 41787085
Unlisted
Match 41787085
Overview
Messages
Build Orders
End
Kradschützen Motorcycle Team
Selects Panzerjäger Kommand Battlegroup
Selects Mine Fields
Panzergrenadier Squad
Panzergrenadier Squad
Panzergrenadier Squad
Construct Light Support Kompanie
2.5-tonne Medical Truck
Fire Support Elements
Panzerjäger Mechanized Group
Selects Tank Busters
Selects Crew Shock Tactics
Flakvierling Half-track
Veteran Squad Leaders
Construct Panzerarmee Kommand
Pak 38 Mechanized Group
Panzer III L Medium Tank
Vehicle Survival Package
Selects Anti-tank Overwatch
Selects Defensive Positions
Selects Butterfly Bomb Drop
Walking Stuka Rocket Launcher
Firehawk
rpmman99
Sarmynation
__Alien____
0
0
Comments
sign in to comment!
No comments posted yet!